 Dungeon Crawl Stone Soup version 0.31.0-11-ge490571c62 (webtiles) character file.

Game seed: 16452940873745882739

5037 protoss039 the Fighter (level 10, -12/85 HPs)
             Began as a Formicid Fighter on Jan 30, 2024.
             Was an Elder of Okawaru.
             Mangled by a wight
             ... wielding a +4 halberd of freezing
              (14 damage)
             ... on level 9 of the Dungeon.
             The game lasted 00:13:36 (7700 turns).

protoss039 the Fighter (Formicid Fighter)           Turns: 7700, Time: 00:13:36

Health: -12/85     AC:  7    Str: 25    XL:     10   Next: 85%
Magic:  15/15      EV:  8    Int:  8    God:    Okawaru [****..]
Gold:   363        SH: 13    Dex: 23    Spells: 9/9 levels left

rFire   + . .        a - +0 war axe
rCold   + . .        o - +0 kite shield of Feseukou {rPois}
rNeg    . . .        s - +0 chain mail
rPois   +            (helmet unavailable)
rElec   .            K - +1 cloak
rCorr   .            v - +1 pair of gloves of the King of the Hill {Dex+4}
SInv    +            (no boots)
Will    +....        (no amulet) Stlth
                     j - +6 ring of dexterity
HPRegen 0.34/turn    p - ring of Kawumeo {rF+ rC+}
MPRegen 0.14/turn

%: no passive effects
@: corroded
A: permanent stasis, dig shafts and tunnels, antennae 3, four strong arms
a: Dig, Shaft Self, Renounce Religion, Heroism, Finesse


You were on level 9 of the Dungeon.
You worshipped Okawaru.
Okawaru was greatly pleased with you.
You visited 2 branches of the dungeon, and saw 10 of its levels.

You collected 363 gold pieces.

Inventory:

Hand Weapons
 a - a +0 war axe (weapon)
 g - a +0 dagger of venom
Armour
 l - a +0 robe of willpower
 o - the +0 kite shield of Feseukou (worn) {rPois}
   (You found it on level 2 of the Dungeon)

   rPois:     It protects you from poison
 s - a +0 chain mail (worn)
 v - the +1 pair of gloves of the King of the Hill (worn) {Dex+4}
   (You found it on level 5 of the Dungeon)

   Dex+4:     It affects your dexterity (+4).
 E - +0 steam dragon scales
 K - a +1 cloak (worn)
Jewellery
 c - a ring of willpower
 j - a +6 ring of dexterity (left hand)
 p - the ring of Kawumeo (right hand) {rF+ rC+}
   (You found it on level 3 of the Dungeon)

   [ring of protection from fire]

   rF+:       It protects you from fire.
   rC+:       It protects you from cold.
 u - a ring of positive energy
 y - a ring of willpower
 C - a ring of wizardry
 H - a ring of poison resistance
Wands
 d - a wand of flame (6)
 r - a wand of polymorph (2)
 B - a wand of paralysis (24)
 D - a wand of iceblast (11)
 J - a wand of digging (3)
Scrolls
 e - 3 scrolls of poison
 h - 2 scrolls of teleportation {unknown}
 i - a scroll of summoning {unknown}
 k - a scroll of identify
 m - 4 scrolls of enchant weapon
 n - a scroll of fear {unknown}
 w - a scroll of noise {unknown}
 G - a scroll of enchant armour {unknown}
 I - a scroll of immolation {unknown}
 L - a scroll of acquirement {unknown}
Potions
 b - a potion of brilliance
 f - 3 potions of degeneration
 q - a potion of invisibility
 t - a potion of heal wounds
 x - 3 potions of attraction
 z - a potion of lignification {unknown}
 A - 2 potions of curing
 F - a potion of ambrosia {unknown}


   Skills:
 * Level 9.9 Fighting
 + Level 6.8 Axes
 + Level 7.8 Armour
 + Level 9.3 Shields
 * Level 7.1 Invocations


You had 9 spell levels left.
You didn't know any spells.
Your spell library contained the following spells:

 Spells                   Type           Power      Damage    Failure   Level
 Freeze                   Ice            0%         1d3       98%         1
 Frozen Ramparts          Ice            0%         1d1       100%        3
 Hailstorm                Conj/Ice       0%         3d5       100%        3
 Inner Flame              Hex/Fire       0%         N/A       100%        3
 Irradiate                Conj/Alch      0%         3d11      100%        5
 Ignition                 Fire           0%         3d3       100%        8


Dungeon Overview and Level Annotations

Branches:
Dungeon (9/15) Zot: 26973  Temple (1/1) D:6 Zot: 5987    Lair (0/5) D:8
    Orc: D:9-12

Altars:
Cheibriados
Elyvilon
Fedhas
Gozag
Hepliaklqana
Kikubaaqudgha
Makhleb
Nemelex Xobeh
Okawaru
Qazlal
Ru
Sif Muna
Uskayaw
Vehumet
Xom
Yredelemnul
The Shining One

Shops:
D:2 (=   D:4 [[   D:6 =   D:7 [

Annotations:
D:6 2 transporters, Malady's ghost, novice DrIE


Innate Abilities, Weirdness & Mutations

You cannot be hasted, slowed, berserked, paralysed or teleported.
You can dig through walls and to a lower floor.
You have a pair of large antennae on your head. (SInv)
Your four strong arms can wield two-handed weapons with a shield.


Message History

Unknown command.
You closely miss the acid dragon.
The acid dragon is severely wounded.
You block the acid dragon's attack. The acid dragon closely misses you.
Unknown command.
You hit the acid dragon but do no damage.
The acid dragon is severely wounded.
The acid dragon spits acid at you. The splash of acid hits you!!
The acid corrodes you!
You hear a shout!
You hear a horrible gurgling sound!
You hear a shout!
Unknown command.
You closely miss the acid dragon.
The acid dragon is severely wounded.
The acid dragon bites you!
* * * LOW HITPOINT WARNING * * *
The acid dragon barely misses you.
Unknown command.
You hit the acid dragon but do no damage.
The acid dragon is severely wounded.
You block the acid dragon's attack. x3; The acid dragon barely misses you.
Unknown command.
You hit the acid dragon.
The acid dragon is severely wounded.
The acid dragon bites you but does no damage.
You block the acid dragon's attack.
The wight hits you from afar with a +4 halberd of freezing!
* * * LOW HITPOINT WARNING * * *
The wight freezes you.
* * * LOW HITPOINT WARNING * * *
Press: ? - help, v - describe, . - travel
Here: a wight, wielding a +4 halberd of freezing and wearing a +0 robe The floor.
There is a stone staircase leading up here.
Unknown command.
The acid dragon bites you.
* * * LOW HITPOINT WARNING * * *
The acid dragon claws you.
* * * LOW HITPOINT WARNING * * *
The wight hits you from afar with a +4 halberd of freezing!
You die...

#........#
#........#
##........#
..........#
........#
#......#
#.z...# {{{
#.D...#
##@...# {
##.### #.#
..# .## .
#.


You could see an acid dragon and a wight.

Vanquished Creatures
  Gastronok (D:8)
  Pikel (D:7)
  Maurice (D:8)
  Maggie (D:7)
  A troll (D:6)
  Prince Ribbit (D:6)
  Grinder (D:3)
  A steam dragon (D:7)
  A water moccasin (D:5)
  A sky beast (D:8)
  3 ice beasts
  An orc warrior (D:8)
  5 centaurs
  4 lemures (D:7)
  3 bullfrogs
  A gnoll sergeant (D:5)
  A scorpion (D:5)
  3 howler monkeys
  2 bombardier beetles
  2 jellies (D:4)
  2 hounds
  4 orc priests
  Jessica (D:3)
  Ijyb (D:3)
  Terence (D:3)
  3 iguanas
  2 sleepcaps
  6 orc wizards
  6 gnolls
  4 adders
  3 ribbon worms
  A dart slug (D:1)
  19 orcs
  5 ball pythons
  5 bats
  5 endoplasms
  A giant cockroach (D:4)
  3 goblins
  3 hobgoblins (D:3)
  2 jackals (D:2)
  5 quokkas
  2 frilled lizards
  6 kobolds
  A rat (D:1)
126 creatures vanquished.

Notes
Turn   | Place    | Note
-------+----------+-------------------------------------------
     0 | D:1      | protoss039 the Formicid Fighter began the quest for the
                  | Orb.
     0 | D:1      | Reached XP level 1. HP: 18/18 MP: 1/1
   221 | D:1      | Reached XP level 2. HP: 24/24 MP: 2/2
   743 | D:2      | Found Fimofam's One-of-a-Kind Rings.
   783 | D:2      | Found a faded altar of an unknown god.
   789 | D:2      | Reached XP level 3. HP: 29/29 MP: 3/3
   857 | D:2      | Found Qubrute's Weapon Boutique.
   905 | D:2      | Identified the +0 kite shield of Feseukou {rPois}
  1296 | D:3      | Noticed Grinder
  1306 | D:3      | Killed Grinder
  1307 | D:3      | Reached skill level 5 in Shields
  1307 | D:3      | Reached XP level 4. HP: 3/38 MP: 4/4
  1307 | D:3      | Reached XP level 5. HP: 4/43 MP: 5/5
  1307 | D:3      | Reached XP level 6. HP: 4/49 MP: 6/6
  1311 | D:3      | Identified the ring of Kawumeo {rF+ rC+}
  1527 | D:3      | Noticed Ijyb
  1611 | D:3      | Killed Ijyb
  1878 | D:3      | Noticed Terence
  1884 | D:3      | Killed Terence
  1910 | D:3      | Noticed Jessica
  1917 | D:3      | Killed Jessica
  1995 | D:3      | Reached skill level 5 in Fighting
  1995 | D:3      | Reached XP level 7. HP: 38/56 MP: 7/7
  2308 | D:4      | Reached skill level 5 in Armour
  2482 | D:4      | Found Weantaifecs's Armour Boutique.
  2808 | D:4      | Found Yfurph's Antique Armour Shop.
  3036 | D:5      | Entered Level 5 of the Dungeon
  3046 | D:5      | Identified the +1 pair of gloves of the King of the Hill
                  | {Dex+4}
  3254 | D:5      | Reached XP level 8. HP: 64/64 MP: 8/8
  3564 | D:5      | Reached skill level 5 in Axes
  3815 | D:6      | Found a transporter.
  3849 | D:6      | Identified the +1 spear of the Other Side {venom, Dex+2}
  3851 | D:6      | Noticed Malady's ghost (novice DrIE)
  3865 | D:6      | Found a transporter.
  3982 | D:6      | Found a staircase to the Ecumenical Temple.
  4072 | Temple   | Entered the Ecumenical Temple
  4078 | Temple   | Became a worshipper of Warmaster Okawaru
  4164 | D:6      | Reached skill level 1 in Invocations
  4164 | D:6      | Reached XP level 9. HP: 63/71 MP: 9/9
  4267 | D:6      | Found Illull's Jewellery Shoppe.
  4397 | D:6      | Noticed a troll
  4411 | D:6      | Killed a troll
  4663 | D:6      | Found a blossoming altar of Fedhas.
  4861 | D:6      | Noticed Prince Ribbit
  4873 | D:6      | Killed Prince Ribbit
  4873 | D:6      | Reached * piety under Okawaru
  5018 | D:7      | Noticed Maggie
  5039 | D:7      | Killed Maggie
  5304 | D:7      | Noticed Pikel
  5323 | D:7      | Killed Pikel
  5323 | D:7      | Reached ** piety under Okawaru
  5324 | D:7      | Reached XP level 10. HP: 14/82 MP: 13/13
  5614 | D:7      | Reached skill level 5 in Invocations
  5634 | D:7      | Found Qokoil's Antique Armour Boutique.
  6671 | D:8      | Noticed Gastronok
  6698 | D:8      | Killed Gastronok
  6698 | D:8      | Reached *** piety under Okawaru
  7006 | D:8      | Identified the +1 robe of Bitterness {rPois Dex-5 Stlth+
                  | Archmagi}
  7090 | D:8      | Reached **** piety under Okawaru
  7346 | D:8      | Found a staircase to the Lair.
  7462 | D:8      | Noticed Maurice
  7468 | D:8      | Maurice stole a ring of willpower
  7472 | D:8      | Maurice stole a +0 dagger of venom
  7473 | D:8      | Maurice stole 347 gold
  7476 | D:8      | Killed Maurice
  7661 | D:8      | Found a shimmering blue altar of Sif Muna.
  7700 | D:9      | HP: 4/85 [acid dragon (6)]
  7700 | D:9      | Mangled by a wight

Illustrated notes

Levels and vault maps discovered:
D:1:      dpeg_arrival_short_road, layout_loops_ring, roderic_lattice_a
D:2:      layout_loops_cross, dreamdust_ecumenical_altar_angels_and_demons,
          serial_shops, shop, nicolae_kite_square_tiling_tiny,
          nicolae_shop_unique_rings
D:3:      layout_rooms, nrook_uturn, uniq_grinder, uniq_terence, uniq_jessica,
          uniq_ijyb
D:4:      layout_loops_ring, serial_shops, nicolae_shop_tiny_waterfront, shop,
          kennysheep_generic_room_11
D:5:      layout_rooms, st_stairs_12
D:6:      layout_basic, mainiacjoe_overflow_small_starburst,
          minmay_temple_entry_arrows, gammafunk_ghost_gnarly_gnolls,
          serial_shops, nicolae_shop_tiny_waterfront, uniq_prince_ribbit1
D:7:      layout_cave_pods, serial_rivers, chequers_serial_rivers_room_a,
          chequers_serial_rivers_large_b, chequers_serial_rivers_room_a,
          chequers_serial_rivers_marsh, chequers_serial_rivers_small_a,
          serial_shops, nicolae_shop_trees, uniq_pikel, uniq_maggie
D:8:      layout_loops_corners, nicolae_sif_muna_little_library,
          lair_entry_dummy, uniq_gastronok, uniq_maurice
D:9:      layout_roguey [special_room_bee], cheibrodos_ashenzari_chains,
          old_standard_altar, mainiacjoe_overflow_large_starburst,
          nicolae_beast_mode
Temple:   nicolae_temple_bog_church

Skill      XL: |  1  2  3  4  5  6  7  8  9 10 |
---------------+-------------------------------+-----
Fighting       | 4 5 6 7 8 9 |  9.9
Axes           | 3 4 5 6 |  6.8
Armour         | 4 5 6 7 |  7.8
Shields        | 5 6 7 8 9 |  9.3
Invocations    | 1 4 7 |  7.1

Action                     |  1- 3 |  4- 6 |  7- 9 | 10-12 || total
---------------------------+-------+-------+-------+-------++-------
  Melee: War axe           |    60 |    38 |   253 |   123 ||   474
         Unarmed           |       |     1 |       |       ||     1
 Invoke: Heroism           |       |       |       |     1 ||     1
  Evoke: Wand              |       |     5 |       |       ||     5
    Use: Potion            |     1 |     4 |       |     2 ||     7
         Scroll            |       |       |     5 |     2 ||     7
   Stab: Invisible         |       |     4 |       |       ||     4
 Armour: Scale mail        |    34 |    29 |     2 |       ||    65
         Skin              |       |     1 |       |       ||     1
         Chain mail        |       |       |   185 |    96 ||   281
  Dodge: Dodged            |    29 |    13 |    74 |    35 ||   151
  Block: Buckler           |    18 |       |       |       ||    18
         Kite shield       |     4 |    21 |   189 |    97 ||   311
